 Dungeon Crawl Stone Soup version 0.28.0 (webtiles) character file.

Game seed: 16253709283218315457

31 Angani the Sneak (level 3, -5/33 HPs)
             Began as a Draconian Delver on Feb 12, 2022.
             Was an Initiate of the Shining One.
             Slain by Edmund (11 damage)
             ... on level 4 of the Dungeon.
             The game lasted 00:02:31 (1203 turns).

Angani the Sneak (Draconian Delver)                 Turns: 1203, Time: 00:02:32

Health: -5/33      AC:  5    Str: 14    XL:     3   Next: 7%
Magic:  3/3        EV: 12    Int: 10    God:    the Shining One [......]
Gold:   33         SH:  0    Dex: 14    Spells: 2/2 levels left

rFire   . . .      SeeInvis .     - Unarmed
rCold   . . .      Faith    .   (no shield)
rNeg    . . .      Spirit   .   (armour unavailable)
rPois   .          Reflect  .   (helmet restricted)
rElec   .          Harm     .   (no cloak)
rCorr   .          Rampage  .   (no gloves)
Will    .....                   (no boots)
Stlth   +.........              (no amulet)
HPRegen 0.11/turn               f - ring of flight
MPRegen 0.08/turn               (no ring)

@: flying, glowing
A: AC +5, unfitting armour, cold-blooded
a: Renounce Religion


You were on level 4 of the Dungeon.
You worshipped the Shining One.
The Shining One was noncommittal.
You visited 1 branch of the dungeon, and saw 4 of its levels.

You collected 33 gold pieces.

Inventory:

Jewellery
 f - a ring of flight (left hand)
Wands
 e - a wand of digging (3)
Scrolls
 a - a scroll of fog
 b - a scroll of magic mapping
 g - a scroll of immolation {unknown}
 h - a scroll of noise {unknown}


   Skills:
 + Level 4.0 Fighting
 - Level 1.7 Dodging
 - Level 4.5 Stealth
 + Level 2.9 Unarmed Combat


You had 2 spell levels left.
You didn't know any spells.
Your spell library was empty.

Dungeon Overview and Level Annotations

Branches:
Dungeon (6/15)
 Temple: D:4-7

Altars:
The Shining One

Annotations:
D:3 Ijyb
D:4 Edmund
D:5 1 runed translucent door, Dowan, Duvessa


Innate Abilities, Weirdness & Mutations

Your plain brown scales are hard. (AC +5)
You cannot fit into any form of body armour.
You are cold-blooded and may be slowed by cold attacks.


Message History

A hound and 2 gnolls come into view.
A gnoll and an orc come into view.
The orc shouts!
You hear a shout!
An orc comes into view. It is wielding a +0 whip.
The gnoll moves out of view.
As you read the scroll of fear, it crumbles to dust.
You assume a fearsome visage.
The hound looks frightened!
The gnoll looks frightened! x2; The black bear looks frightened!
The orc looks frightened!
The orc shouts!
The orc looks frightened!
Edmund the Younger comes into view.
He is wielding a +2 vorpal flail and carrying a wand of flame (29).
A gnoll comes into view. It is wielding a +0 spear.
A gnoll shaman, a hound skeleton and an orc come into view.
Found a runed translucent door.
Edmund shouts!
The orc shouts!
You hear a shout!
Edmund zaps a wand.
The puff of flame hits you!
Unknown command.
Found 17 stones.
Found a stone staircase leading down.
The gnoll shouts!
Unknown command.
The gnoll closely misses you.
Unknown command.
The gnoll shaman shouts!
Edmund barely misses you. The gnoll barely misses you. The gnoll misses you.
Dowan points at Duvessa and mumbles some strange words.
Duvessa seems to speed up.
There is a stone staircase leading up here.
Unknown command.
Edmund hits you with a +2 vorpal flail! The orc barely misses you.
The gnoll barely misses you.
The gnoll hits you from afar with a +0 spear.
* * * LOW HITPOINT WARNING * * *
You fly upwards.
The iguana hisses angrily.
The iguana closely misses you.
There is a stone staircase leading down here.
Unknown command.
Edmund hits you with a +2 vorpal flail!
You die...

### # .... #
#####...... ##
##............ #.
##.............##.
#@l....... #...).
#@go...... ####..
#........o #....
.......... #...#
........... #...#
#........... #....
##.......... ##....
#.......... #...#.
#..........###..##.
..........##.


You could see Edmund, an iguana, a gnoll and an orc.

Vanquished Creatures
  An adder (D:4)
  6 orcs
  A giant cockroach (D:3)
  A goblin (D:3)
  A ball python (D:4)
  A goblin skeleton (D:6)
  A goblin zombie (D:6)
  4 hobgoblin zombies (D:6)
  A kobold (D:3)
  An orc zombie (D:6)
18 creatures vanquished.

Notes
Turn   | Place    | Note
-------+----------+-------------------------------------------
     0 | D:5      | Angani the Draconian Delver began the quest for the Orb.
     0 | D:5      | Reached XP level 1. HP: 19/19 MP: 1/1
     4 | D:5      | Noticed Duvessa
     4 | D:5      | Noticed Dowan
    54 | D:4      | Noticed an ogre
    80 | D:4      | Reached XP level 2. HP: 9/27 MP: 2/2
   456 | D:3      | Noticed Ijyb
   866 | D:3      | You are sucked into a shaft and drop 3 floors!
   867 | D:6      | Found a glowing golden altar of the Shining One.
   867 | D:6      | Noticed a crimson imp
   913 | D:6      | Became a worshipper of the Shining One
   941 | D:6      | Reached XP level 3. HP: 30/33 MP: 3/3
  1182 | D:5      | Noticed a black bear
  1196 | D:5      | Noticed Edmund
  1197 | D:5      | Found a runed translucent door.
  1203 | D:4      | Slain by Edmund

Illustrated notes

Levels and vault maps discovered:
D:3:      layout_basic, ebering_ecumenical_altar_hall, uniq_ijyb
D:4:      layout_rooms, uniq_natasha
D:5:      layout_rooms, mainiacjoe_overflow_alcove_4, temple_pool_b,
          ebering_ghost_sewer_f, minivault_11, small_statue_intersection,
          minmay_misc_feat_more_columns, corexii_corridor_pit, uniq_duvessa,
          uniq_edmund
D:6:      layout_loops_cross, nicolae_tso_besieged_by_evil, old_standard_altar,
          lemuel_crystal_altar

Skill      XL: |  1  2 |
---------------+-------+-----
Fighting       | 4 |  4.0
Dodging        | |  1.7
Stealth        | |  4.5
Unarmed Combat | |  2.9

Action                   || total
-------------------------++-------
Melee: Unarmed           ||   123
       Tailslap          ||    14
       Punch             ||     2
  Use: Scroll            ||     2
       Potion            ||     1
Armor: Skin              ||    28
Dodge: Dodged            ||    57
